 Dungeon Crawl Stone Soup version 0.26.0-10-g1f06aea511 (webtiles) character file.

Game seed: 3971370682761203101

1109 inmateoo the Stinger (level 8, -9/58 HPs)
             Began as a Gnoll Venom Mage on Jan 26, 2021.
             Was an Initiate of Makhleb.
             Killed from afar by Erica (26 damage)
             ... with a bolt of poison
             ... while paralysed by a hornet
             ... on level 10 of the Dungeon.
             The game lasted 00:05:50 (4547 turns).

inmateoo the Stinger (Gnoll Venom Mage)             Turns: 4547, Time: 00:05:51

Health: -9/58      AC:  9    Str: 10    XL:     8   Next: 33%
Magic:  9/17       EV:  2    Int: 20    God:    Makhleb [......]
Gold:   415        SH:  0    Dex: 16    Spells: 6/19 levels left

rFire    + . .     SeeInvis .   r - +4 hand axe (elec)
rCold    . . .     Faith    .   (no shield)
rNeg     . . .     Spirit   .   q - +3 ring mail
rPois    .         Reflect  .   (no helmet)
rElec    .         Harm     .   (no cloak)
rCorr    .         Rampage  .   j - +0 pair of gloves
Will     .....                  (no boots)
Stlth    ++........             (no amulet)
HPRegen  0.19/turn              b - +4 ring of slaying
MPRegen  0.15/turn              g - ring of protection from fire

@: paralysed, lethally poisoned (-9 -> -34), very slightly contaminated, slowed
A: distributed training, fangs 1, strong nose
a: Renounce Religion


You were on level 10 of the Dungeon.
You worshipped Makhleb.
Makhleb was noncommittal.
You visited 2 branches of the dungeon, and saw 9 of its levels.

You collected 415 gold pieces.

Inventory:

Hand Weapons
 m - a +2 spear of venom
 r - a +4 hand axe of electrocution (weapon)
 s - a +1 whip of freezing
Armour
 j - a +0 pair of gloves (worn)
 n - a +0 buckler
 q - a +3 ring mail (worn)
Jewellery
 b - a +4 ring of slaying (left hand)
 c - an uncursed ring of positive energy
 g - a ring of protection from fire (right hand)
Wands
 o - a wand of digging (5)
 t - a wand of flame (13)
Scrolls
 a - a scroll of blinking
 e - 2 scrolls of teleportation
 h - 6 scrolls of remove curse
 p - 2 scrolls of magic mapping
 v - a scroll of amnesia
 w - a scroll of enchant weapon
 x - a scroll of fog
 y - a scroll of enchant armour {unknown}
Potions
 d - 5 potions of curing
 f - 2 potions of resistance
 i - a potion of ambrosia
 k - 3 potions of heal wounds
 l - a potion of lignification
 u - a potion of attraction
 z - a potion of invisibility {unknown}


   Skills:
 + Level 3.2 Fighting
 + Level 3.2 Short Blades
 + Level 3.2 Long Blades
 + Level 3.2 Axes
 + Level 3.2 Maces & Flails
 + Level 3.2 Polearms
 + Level 3.2 Staves
 + Level 3.2 Slings
 + Level 3.2 Bows
 + Level 3.2 Crossbows
 + Level 3.2 Throwing
 + Level 3.2 Armour
 + Level 5.6 Dodging
 + Level 5.3 Stealth
 + Level 3.2 Shields
 + Level 3.2 Unarmed Combat
 + Level 6.0 Spellcasting
 + Level 2.6 Conjurations
 + Level 2.6 Hexes
 + Level 2.6 Summonings
 + Level 2.6 Necromancy
 + Level 2.6 Translocations
 + Level 3.4 Transmutations
 + Level 2.6 Fire Magic
 + Level 2.6 Ice Magic
 + Level 2.6 Air Magic
 + Level 2.6 Earth Magic
 + Level 6.1 Poison Magic
 + Level 3.5 Invocations
 + Level 3.2 Evocations


You had 6 spell levels left.
You knew the following spells:

 Your Spells              Type           Power        Failure   Level
a - Sting                 Tmut/Pois      100%         3%          1
b - Poisonous Vapours     Pois/Air       46%          6%          2
c - Ignite Poison         Fire/Tmut/Pois 22%          14%         3
d - Olgreb's Toxic Radia  Pois           30%          21%         4
e - Mephitic Cloud        Conj/Pois/Air  21%          16%         3

Your spell library contained the following spells:

 Spells                   Type           Power        Failure   Level
 Corona                   Hex            17%          9%          1
 Freeze                   Ice            64%          9%          1
 Ensorcelled Hibernation  Hex/Ice        32%          13%         2
 Confusing Touch          Hex            16%          26%         3
 Dazzling Flash           Conj/Hex       32%          26%         3
 Frozen Ramparts          Ice            32%          26%         3
 Ozocubu's Armour         Ice            16%          26%         3
 Tukima's Dance           Hex            16%          26%         3
 Hailstorm                Conj/Ice       16%          65%         4
 Summon Ice Beast         Ice/Summ       16%          65%         4


Dungeon Overview and Level Annotations

Branches:
Dungeon (7/15)             Temple (1/1) D:5

Altars:
Ashenzari
Cheibriados
Dithmenos
Elyvilon
Fedhas
Gozag
Hepliaklqana
Kikubaaqudgha
Makhleb
Nemelex Xobeh
Okawaru
Qazlal
Ru
Sif Muna
Trog
Uskayaw
Vehumet
Wu Jian
Xom
Yredelemnul
Zin
The Shining One

Annotations:
D:10 Erica


Innate Abilities, Weirdness & Mutations

Your experience applies equally to all skills.
You have very sharp teeth.
Your uncanny sense of smell can sniff out nearby items.


Message History

Unknown command.
You slash something! Lightning courses through something!
You hit the hornet but do no damage. Lightning courses through the hornet!
The hornet looks even sicker.
Your toxic aura wanes.
The hornet closely misses you. The hornet stings you!
You feel yourself slow down. Something hits you! Something burns you.
Unknown command.
Unknown command.
You hit something. You hit the hornet. The hornet stings you.
You are poisoned.
You suddenly lose the ability to move!
The hornet stings you.
* * * LOW HITPOINT WARNING * * *
You are more poisoned.
You shrug off the repeated paralysis!
You hear some strange, mumbled words.
A bolt of poison appears from out of thin air!
The bolt of poison hits you!!
You are lethally poisoned!
You die...

....... .....# . ......
..# .... ...##.## .
T.....# ..###.... ....#)..
.. ∆.... ..# ..#......
........ yT ∆... #..#
#.#....# .......) #.
#.####..###.#.$.##
........
..#..#..##....##......#.
........
....h....###..........[.
.##.....
..#####..#...##y@.# #.....
#.....# ##{.# ## ####.#.
#.....# #..###.# .##.#..##
###..####..##... ..#.....
#
###.###.......##.##..#.###
#..(.........##..##..#...#
#...........#.............
#..##.......#..# .##......
######........###.##....##


You could see a hornet (very poisoned).

Vanquished Creatures
  Edmund (D:5)
  An ice beast (D:6)
  An orc warrior (D:10)
  2 ogres
  A scorpion (D:6)
  A howler monkey (D:6)
  3 hounds
  A bullfrog skeleton (D:4)
  6 orc wizards
  A centaur skeleton (D:4)
  3 worker ants
  A howler monkey skeleton (D:4)
  2 adders
  2 shadow imps
  2 ufetubi (D:6)
  An adder zombie (D:5)
  An adder skeleton (D:7)
  2 worms
  2 dart slugs
  A leopard gecko (D:5)
  20 orcs
  A ball python (D:4)
  8 bats
  5 giant cockroaches
  6 hobgoblins
  6 jackals
  2 quokkas
  3 frilled lizards
  3 goblins
  5 kobolds
  A quokka skeleton (D:4)
  4 rats
99 creatures vanquished.

Notes
Turn   | Place    | Note
-------+----------+-------------------------------------------
     0 | D:1      | inmateoo the Gnoll Venom Mage began the quest for the Orb.
     0 | D:1      | Reached XP level 1. HP: 13/13 MP: 6/6
   213 | D:1      | Reached XP level 2. HP: 18/19 MP: 2/7
   638 | D:2      | Reached skill level 5 in Spellcasting
   638 | D:2      | Reached XP level 3. HP: 22/25 MP: 2/9
   676 | D:2      | Learned a level 2 spell: Poisonous Vapours
   680 | D:2      | Learned a level 3 spell: Ignite Poison
   681 | D:2      | Noticed an ogre
   701 | D:2      | Killed an ogre
   702 | D:2      | Reached skill level 1 in Fighting
   702 | D:2      | Reached skill level 1 in Short Blades
   702 | D:2      | Reached skill level 1 in Long Blades
   702 | D:2      | Reached skill level 1 in Axes
   702 | D:2      | Reached skill level 1 in Maces & Flails
   702 | D:2      | Reached skill level 1 in Polearms
   702 | D:2      | Reached skill level 1 in Staves
   702 | D:2      | Reached skill level 1 in Slings
   702 | D:2      | Reached skill level 1 in Bows
   702 | D:2      | Reached skill level 1 in Crossbows
   702 | D:2      | Reached skill level 1 in Throwing
   702 | D:2      | Reached skill level 1 in Armour
   702 | D:2      | Reached skill level 1 in Shields
   702 | D:2      | Reached skill level 1 in Unarmed Combat
   702 | D:2      | Reached skill level 1 in Conjurations
   702 | D:2      | Reached skill level 1 in Hexes
   702 | D:2      | Reached skill level 1 in Summonings
   702 | D:2      | Reached skill level 1 in Necromancy
   702 | D:2      | Reached skill level 1 in Translocations
   702 | D:2      | Reached skill level 1 in Fire Magic
   702 | D:2      | Reached skill level 1 in Ice Magic
   702 | D:2      | Reached skill level 1 in Air Magic
   702 | D:2      | Reached skill level 1 in Earth Magic
   702 | D:2      | Reached skill level 1 in Invocations
   702 | D:2      | Reached skill level 1 in Evocations
   702 | D:2      | Reached XP level 4. HP: 32/32 MP: 0/11
   872 | D:2      | Reached XP level 5. HP: 36/37 MP: 6/12
  1696 | D:3      | Learned a level 4 spell: Olgreb's Toxic Radiance
  1700 | D:3      | Learned a level 3 spell: Mephitic Cloud
  1863 | D:4      | Reached XP level 6. HP: 34/44 MP: 13/13
  2435 | D:4      | Reached skill level 5 in Dodging
  2911 | D:5      | Entered Level 5 of the Dungeon
  3086 | D:5      | Reached XP level 7. HP: 38/50 MP: 15/15
  3217 | D:5      | Noticed Edmund
  3293 | D:5      | Killed Edmund
  3469 | D:5      | Found a staircase to the Ecumenical Temple.
  3498 | D:5      | Found a blossoming altar of Fedhas.
  3591 | Temple   | Entered the Ecumenical Temple
  3631 | Temple   | Became a worshipper of Makhleb the Destroyer
  3783 | D:6      | Reached skill level 5 in Stealth
  3991 | D:6      | Reached XP level 8. HP: 33/57 MP: 16/16
  4417 | D:7      | You fall into a shaft and drop 3 floors!
  4417 | D:10     | Entered Level 10 of the Dungeon
  4519 | D:10     | Noticed a troll
  4523 | D:10     | Noticed a hornet
  4535 | D:10     | Noticed Erica
  4547 | D:10     | Paralysed by a hornet for 2 turns
  4547 | D:10     | Killed from afar by Erica

Illustrated notes

Levels and vault maps discovered:
D:1:      amcnicky_arrival_double_pillar, layout_loops_ring
D:2:      layout_loops_cross, minivault_4
D:3:      layout_basic
D:4:      layout_layer_cave
D:5:      layout_rooms, lemuel_round_altar, temple_doors_ab, uniq_edmund
D:6:      layout_cave_pools, minmay_crystal_room
D:7:      layout_basic, uniq_joseph
D:10:     layout_cave_pools, david_lair_shrubbed, uniq_erica, uniq_psyche
Temple:   nicolae_temple_the_god_donut

Skill      XL: |  1  2  3  4  5  6  7  8 |
---------------+-------------------------+-----
Transmutations | 2 3 |  3.4
Spellcasting   | 5 6 |  6.0
Fighting       | 1 2 3 |  3.2
Short Blades   | 1 2 3 |  3.2
Long Blades    | 1 2 3 |  3.2
Axes           | 1 2 3 |  3.2
Maces & Flails | 1 2 3 |  3.2
Polearms       | 1 2 3 |  3.2
Staves         | 1 2 3 |  3.2
Slings         | 1 2 3 |  3.2
Bows           | 1 2 3 |  3.2
Crossbows      | 1 2 3 |  3.2
Throwing       | 1 2 3 |  3.2
Armour         | 1 2 3 |  3.2
Shields        | 1 2 3 |  3.2
Unarmed Combat | 1 2 3 |  3.2
Conjurations   | 1 2 |  2.6
Hexes          | 1 2 |  2.6
Summonings     | 1 2 |  2.6
Necromancy     | 1 2 |  2.6
Translocations | 1 2 |  2.6
Fire Magic     | 1 2 |  2.6
Ice Magic      | 1 2 |  2.6
Air Magic      | 1 2 |  2.6
Earth Magic    | 1 2 |  2.6
Invocations    | 1 2 3 |  3.5
Evocations     | 1 2 3 |  3.2
Dodging        | 5 |  5.6
Stealth        | 5 |  5.3
Poison Magic   | 6 |  6.1

Action                   |  1- 3 |  4- 6 |  7- 9 || total
-------------------------+-------+-------+-------++-------
Melee: Unarmed           |     9 |     1 |       ||    10
       Bite              |     1 |     5 |     9 ||    15
       Spear             |       |    92 |     3 ||    95
       Punch             |       |     1 |     3 ||     4
       Hand axe          |       |       |    70 ||    70
 Cast: Sting             |    26 |    24 |       ||    50
       Poisonous Vapours |     4 |       |     1 ||     5
       Olgreb's Toxic Ra |       |     3 |     2 ||     5
       Ignite Poison     |       |     1 |       ||     1
  Use: Scroll            |       |    14 |     2 ||    16
 Stab: Sleeping          |     1 |     8 |     3 ||    12
       Distracted        |       |     1 |       ||     1
Armor: Robe              |     1 |     5 |       ||     6
       Ring mail         |       |     6 |    22 ||    28
Dodge: Dodged            |    15 |    44 |    36 ||    95
